 Dungeon Crawl Stone Soup version 0.21-a0-321-g91e3373 (webtiles) character file.

51552 SaturatedFat the Bludgeoner (level 14, -13/106 HPs)
             Began as a Mummy Gladiator on Apr 18, 2017.
             Was an Initiate of Gozag.
             Killed from afar by a storm dragon (47 damage)
             ... with a bolt of lightning
             ... on level 10 of the Dungeon on Sept 30, 2017.
             The game lasted 01:36:55 (26739 turns).

SaturatedFat the Bludgeoner (Mummy Gladiator)      Turns: 26739, Time: 01:36:56

Health: -13/106    AC: 16    Str: 31    XL:     14   Next: 23%
Magic:  14/14      EV:  9    Int:  7    God:    Gozag
Gold:   1408       SH: 14    Dex: 13    Spells: 13/13 levels left

rFire    x . .     SeeInvis +   v - +5 morningstar of Expedience {pain, rC+}
rCold    + + .     Gourm    .   A - +3 shield of the Equinox {Str+3}
rNeg     + + +     Faith    .   F - +2 scale mail "Caef" {MR++ Str+2}
rPois    ∞         Spirit   .   R - +1 helmet {SInv}
rElec    .         Reflect  .   r - +0 cloak
rCorr    +         Harm     .   e - +1 pair of gloves {Str+3}
MR       +++..                  D - +0 pair of boots
Stlth    +.........             (no amulet)
HPRegen  0.27/turn              U - ring of stealth
MPRegen  0.14/turn              b - ring of resist corrosion

@: no status effects
A: no food or potions, fire vulnerability, cold resistance 1, negative energy
resistance 3, torment resistance, unbreathing, in touch with death 1
a: Potion Petition, Call Merchant, Bribe Branch, Renounce Religion


You were on level 10 of the Dungeon.
You worshipped Gozag.
Gozag was most pleased with you.
You were not hungry.

You visited 3 branches of the dungeon, and saw 20 of its levels.
You also visited: Ossuary.

You collected 5578 gold pieces.
You spent 1268 gold pieces at shops.
You paid 2902 gold pieces to Gozag.

Inventory:

Hand Weapons
 q - a +4 mace
 v - the +5 morningstar of Expedience (weapon) {pain, rC+}
   (You found it on level 5 of the Dungeon)

   In the hands of one skilled in necromantic magic, it inflicts extra damage on
   living creatures.
   It protects you from cold.
Missiles
 d - a throwing net (quivered)
 k - 4 javelins of returning
Armour
 c - the +4 scale mail "Zakytix" {rC+ rN+ MR+ rCorr}
   (You bought it in a shop on level 4 of the Lair of Beasts)

   It protects you from cold.
   It protects you from negative energy.
   It affects your resistance to hostile enchantments.
   It protects you from acid and corrosion.
 e - a +1 pair of gloves of strength (worn)
 r - a +0 cloak (worn)
 A - the +3 shield of the Equinox (worn) {Str+3}
   (You found it on level 6 of the Dungeon)

   It affects your strength (+3).
 D - a +0 pair of boots (worn)
 F - the +2 scale mail "Caef" (worn) {MR++ Str+2}
   (You found it on level 8 of the Dungeon)

   It affects your strength (+2).
   It affects your resistance to hostile enchantments.
 M - +0 steam dragon scales
 R - a +1 helmet of see invisible (worn)
Jewellery
 b - a ring of resist corrosion (right hand)
 f - an uncursed ring of ice
 i - an uncursed ring of see invisible
 j - an uncursed ring of magical power
 x - an uncursed ring of flight
 K - an uncursed ring of magical power
 U - a ring of stealth (left hand)
Wands
 h - a wand of digging (7/24)
 o - a wand of iceblast (0/15)
 p - a wand of iceblast (7/15)
 s - a wand of flame (1/48)
 t - a wand of iceblast (8/15)
 u - a wand of flame (20/48)
 G - a wand of acid (10/15)
 J - a wand of paralysis (12/24)
 O - a wand of lightning (12/15)
 S - a wand of confusion (31/48)
Scrolls
 a - 2 scrolls of magic mapping
 g - 2 scrolls of random uselessness {unknown}
 l - a scroll of noise
 m - 12 scrolls of remove curse
 w - 7 scrolls of amnesia {unknown}
 y - 9 scrolls of identify
 B - a scroll of enchant weapon
 C - 5 scrolls of fog
 E - 3 scrolls of recharging
 H - 3 scrolls of fear
 I - a scroll of enchant armour {unknown}
 P - a scroll of vulnerability {unknown}
 T - a scroll of holy word {unknown}
Books
 n - a book of Misfortune

   Spells                             Type                      Level
   a - Confusing Touch                Hexes                        1
   b - Confuse                        Hexes                        3
   c - Gell's Gravitas                Translocation                3
   d - Petrify                        Transmutation/Earth          4
   e - Metabolic Englaciation         Hexes/Ice                    5
   f - Yara's Violent Unravelling     Hexes/Transmutation          5
 L - a book of Minor Magic

   Spells                             Type                      Level
   a - Magic Dart                     Conjuration                  1
   b - Blink                          Translocation                2
   c - Call Imp                       Summoning                    2
   d - Slow                           Hexes                        2
   e - Conjure Flame                  Conjuration/Fire             3
   f - Mephitic Cloud                 Conjuration/Poison/Air       3
 N - a book of Party Tricks

   Spells                             Type                      Level
   a - Summon Butterflies             Summoning                    1
   b - Apportation                    Translocation                1
   c - Lesser Beckoning               Translocation                3
   d - Tukima's Dance                 Hexes                        3
   e - Alistair's Intoxication        Transmutation/Poison         5
   f - Invisibility                   Hexes                        6
 Q - a book of Summonings

   Spells                             Type                      Level
   a - Recall                         Summoning/Translocation      3
   b - Aura of Abjuration             Summoning                    5
   c - Summon Demon                   Summoning                    5
   d - Summon Forest                  Summoning/Translocation      5
   e - Summon Mana Viper              Hexes/Summoning              5
   f - Shadow Creatures               Summoning                    6


   Skills:
 + Level 8.7 Fighting
 - Level 17.2 Maces & Flails
 - Level 1.5 Throwing
 - Level 6.4 Armour
 - Level 2.4 Dodging
 - Level 5.2 Shields
 - Level 0.2 Evocations


You had 13 spell levels left.
You didn't know any spells.

Dungeon Overview and Level Annotations

Branches:
Dungeon (13/15)            Temple (1/1) D:4            Lair (6/6) D:9
  Swamp (0/4) Lair:2       Spider (0/4) Lair:2        Slime (0/5) Lair:5
    Orc: D:9-12      Vaults: D:13-14

Altars:
Ashenzari
Cheibriados
Dithmenos
Elyvilon
Fedhas
Gozag
Hepliaklqana
Kikubaaqudgha
Makhleb
Nemelex Xobeh
Okawaru
Qazlal
Ru
Sif Muna
Trog
Uskayaw
Vehumet
Wu Jian
Xom
Yredelemnul
Zin
The Shining One

Shops:
D:5 *   D:10 }[?=[   D:12 *   Lair:1 (*   Lair:4 [

Annotations:
D:8 chris0x's ghost, journeyman HaFi
D:13 Josephine
Lair:3 exclusion: 5 oklob plants


Innate Abilities, Weirdness & Mutations

You do not eat or drink.
Your flesh is vulnerable to fire.
You are immune to poison.
Your flesh is cold resistant. (rC+)
You are immune to negative energy. (rN+++)
You are immune to unholy pain and torment.
You can survive without breathing.
You are in touch with the powers of death.


Message History

The storm dragon bites you but does no damage.
You block the storm dragon's attack.
The storm dragon tramples you but does no damage.
There is a stone staircase leading up, spattered with blood here.
You block the storm dragon's attack. x2
The storm dragon tramples you but does no damage.
You climb upwards.
There is a stone staircase leading down here.
The storm dragon breathes lightning at you.
The bolt of lightning misses you. The bolt of lightning hits you!
The bolt of lightning hits the storm dragon.
The storm dragon completely resists.
You see here a giant club.
The storm dragon bites you!
The storm dragon claws you but does no damage.
You block the storm dragon's attack.
The storm dragon breathes lightning at you.
The bolt of lightning hits you!
You die...
Your body crumbles into a pile of gold.

####'### #.# #.... #......# #.#
##'### #......# ######.### #.....
#......#####>.......######.....
#......#....)...........##.....
#......#.###........###..'.....
#......#.###..D..%..8..∩..8....
#......'.##......#########.....
#......####...@..# ####'#
##'##### #..∩...# #.# #[.##
#.PP..## #.. ##..# #.....# ######
######.#### #####.# ###.....
......[)..#######'########.......
.............##......[..#..#.....
..........##..[........<'.##.)...
.......∩..#####.........####.....


You could see a storm dragon.

Vanquished Creatures
  An ettin (D:10)
  Snorg (Lair:5)
  3 catoblepae
  4 hydras
  A deep troll shaman (Lair:6)
  The ghost of Deofuta the Basher, a novice MiBe of Trog (Lair:1)
  4 death yaks
  2 two-headed ogres (D:9)
  Urug (D:10)
  A hell knight (D:10)
  An unseen horror (D:12)
  A lindwurm (Lair:3)
  An ugly thing (D:11)
  12 elephants
  3 black mambas
  13 spiny frogs
  4 rime drakes
  3 komodo dragons
  4 polar bears
  13 hippogriffs
  18 blink frogs
  6 dream sheep (Lair:6)
  2 wraiths (D:12)
  2 redbacks (Lair:2)
  7 spriggans (Lair:1)
  2 basilisks
  3 wyverns
  47 yaks
  Menkaure (D:6)
  5 swamp worms (Lair:2)
  8 water moccasins
  An acid dragon (D:11)
  2 soldier ants (D:8)
  9 porcupines
  3 sky beasts
  A phantom (D:8)
  An eye of draining (D:11)
  An ice beast (D:11)
  A necrophage (D:12)
  7 orc warriors
  3 black bears
  10 wolves
  4 centaurs
  6 ogres
  9 crocodiles
  2 elf zombies (Ossuary)
  A big kobold (D:8)
  12 bullfrogs
  A wyvern zombie (D:9)
  A scorpion (D:6)
  15 wights
  2 electric eels
  5 jellies
  2 howler monkeys
  2 bullfrog zombies (D:8)
  3 crimson imps
  3 centaur zombies
  A quasit (D:11)
  2 bullfrog skeletons
  2 human zombies (Ossuary)
  6 orc priests
  2 centaur skeletons
  5 hounds
  12 orc wizards
  5 iguanas
  11 worker ants
  A big kobold zombie (Ossuary)
  2 mummies (Ossuary)
  4 worker ant zombies
  Robin (D:2)
  3 gnolls (D:4)
  A howler monkey zombie (D:7)
  A howler monkey skeleton (D:8)
  12 adders
  6 shadow imps
  12 oozes
  2 adder zombies (Ossuary)
  An adder skeleton (D:5)
  4 dart slugs
  5 leopard geckos
  67 orcs
  A ball python (D:5)
  12 bats
  2 giant cockroaches (D:2)
  14 goblins
  10 hobgoblins
  27 jackals
  5 quokkas
  7 frilled lizards
  A giant cockroach zombie (D:5)
  5 hobgoblin zombies (Ossuary)
  3 jackal zombies
  18 kobolds
  12 kobold zombies (Ossuary)
  9 orc zombies (Ossuary)
  A quokka skeleton (D:6)
  7 rats
  A rat zombie (Ossuary)
585 creatures vanquished.

Vanquished Creatures (others)
  A bush (Lair:5)
  15 fungi
  22 plants
  7 toadstools (D:4)
45 creatures vanquished.

Grand Total: 630 creatures vanquished

Notes
Turn   | Place    | Note
-------+----------+-------------------------------------------
     0 | D:1      | SaturatedFat the Mummy Gladiator began the quest for the Orb.
     0 | D:1      | Reached XP level 1. HP: 16/16 MP: 1/1
   252 | D:1      | Reached XP level 2. HP: 22/22 MP: 2/2
   507 | D:1      | Reached skill level 3 in Maces & Flails
   810 | D:1      | Reached XP level 3. HP: 28/28 MP: 3/3
  1442 | D:2      | Found a glowing silver altar of Zin.
  1556 | D:2      | Noticed Robin
  1890 | D:2      | Killed Robin
  1890 | D:2      | Reached XP level 4. HP: 31/34 MP: 4/4
  2079 | D:2      | You fall through a shaft for 2 floors!
  2087 | D:5      | Entered Level 5 of the Dungeon
  2117 | D:4      | Reached skill level 4 in Maces & Flails
  2478 | D:3      | Reached XP level 5. HP: 34/41 MP: 5/5
  2531 | D:3      | Noticed a sky beast
  3442 | D:4      | Reached skill level 5 in Maces & Flails
  3442 | D:4      | Reached XP level 6. HP: 43/47 MP: 6/6
  3514 | D:4      | Found a staircase to the Ecumenical Temple.
  3529 | Temple   | Entered the Ecumenical Temple
  3689 | Temple   | Became a worshipper of Gozag Ym Sagoz the Greedy
  3777 | D:4      | Found a sparkling altar of Nemelex Xobeh.
  4993 | D:5      | Reached skill level 6 in Maces & Flails
  4993 | D:5      | Reached XP level 7. HP: 52/53 MP: 7/7
  5277 | D:5      | Found a radiant altar of Vehumet.
  5533 | D:5      | Got a bone morningstar
  5539 | D:5      | Identified the +5 morningstar of Expedience {pain, rC+} (You found it on level 5 of the Dungeon)
  5665 | D:5      | Found an iron altar of Okawaru.
  5769 | D:5      | Reached skill level 7 in Maces & Flails
  5988 | D:5      | Found Ibureceh's Assorted Antiques.
  6311 | D:6      | Noticed Menkaure
  6325 | D:6      | Killed Menkaure
  6325 | D:6      | Reached XP level 8. HP: 61/61 MP: 8/8
  6567 | D:6      | Reached skill level 5 in Fighting
  6578 | D:6      | Got a dazzling shield
  6584 | D:6      | Identified the +3 shield of the Equinox {Str+3} (You found it on level 6 of the Dungeon)
  6963 | D:7      | Reached skill level 8 in Maces & Flails
  7117 | D:7      | Found a sand-covered staircase.
  7126 | Ossuary  | Entered an ossuary
  8297 | D:7      | Reached skill level 9 in Maces & Flails
  8299 | D:7      | Reached XP level 9. HP: 55/69 MP: 9/9
  8512 | D:8      | Got a jewelled scale mail
  8523 | D:8      | Identified the +2 scale mail "Caef" {MR++ Str+2} (You found it on level 8 of the Dungeon)
  8758 | D:8      | Found a shimmering altar of Xom.
  8834 | D:8      | Reached skill level 10 in Maces & Flails
  8837 | D:8      | Noticed chris0x's ghost (journeyman HaFi)
  9169 | D:9      | Noticed a two-headed ogre
  9177 | D:9      | Killed a two-headed ogre
  9234 | D:9      | Found a staircase to the Lair.
  9235 | D:9      | Noticed a komodo dragon
  9269 | D:9      | Killed a komodo dragon
  9269 | D:9      | Reached XP level 10. HP: 39/79 MP: 10/10
  9493 | D:9      | Noticed a two-headed ogre
  9507 | D:9      | Found a deep blue altar of Sif Muna.
  9513 | D:9      | Killed a two-headed ogre
  9513 | D:9      | Reached skill level 11 in Maces & Flails
 10681 | D:9      | Noticed a four-headed hydra
 10691 | Lair:1   | Entered Level 1 of the Lair of Beasts
 10914 | Lair:1   | Bought a polished hat for 243 gold pieces
 10924 | Lair:1   | Identified the +1 hat "Ygocigis" {+Fly rCorr Int-4 Stlth+} (You bought it in a shop on level 1 of the Lair of Beasts)
 11118 | Lair:1   | Noticed Deofuta's ghost (novice MiBe)
 11195 | D:10     | Entered Level 10 of the Dungeon
 11261 | D:10     | Noticed Urug
 11280 | D:10     | Killed Urug
 11428 | D:10     | Found Fiux's Antique Armour Shoppe.
 11445 | D:10     | Found Wueloat's Antique Armour Boutique.
 11453 | D:10     | Bought a pair of runed gloves for 247 gold pieces
 11453 | D:10     | Bought a jasper-studded ring mail for 297 gold pieces
 11473 | D:10     | Identified the cursed +0 ring mail of Bargh {Regen+} (You bought it in a shop on level 10 of the Dungeon)
 11505 | D:10     | Found Kuometz's Gadget Shoppe.
 11571 | D:10     | Reached skill level 12 in Maces & Flails
 11921 | D:10     | Found Hituph's Jewellery Shop.
 11933 | D:10     | Found Uwaxeci's Magic Scroll Boutique.
 11944 | D:10     | Bought a scroll of teleportation for 45 gold pieces
 11944 | D:10     | Bought a scroll of identify for 30 gold pieces
 11944 | D:10     | Bought a scroll of identify for 30 gold pieces
 11944 | D:10     | Bought a scroll of identify for 30 gold pieces
 11998 | D:10     | Reached XP level 11. HP: 86/87 MP: 11/11
 12191 | D:10     | Reached skill level 1 in Shields
 12402 | D:11     | Noticed a red ugly thing
 12416 | D:11     | Noticed a brown ugly thing
 12426 | D:10     | Upgraded the game from 0.20-a0-1020-g7b9e4fe to 0.20-a0-1114-g33edf32
 12426 | D:10     | Upgraded the game from 0.20-a0-1114-g33edf32 to 0.21-a0-321-g91e3373
 12752 | D:11     | Noticed a hell knight
 12753 | D:11     | Noticed a phantasmal warrior
 12756 | D:11     | Noticed a fire giant
 12757 | D:11     | Noticed an unseen horror
 12757 | D:11     | Noticed an unseen horror
 12757 | D:11     | Noticed a frost giant
 13165 | D:12     | Noticed a two-headed ogre
 13265 | D:12     | Found Mobotog's General Store.
 13288 | D:12     | Noticed an unseen horror
 13295 | D:12     | Killed an unseen horror
 14045 | D:13     | Noticed a two-headed ogre
 14136 | D:13     | Noticed Josephine
 14227 | D:11     | Noticed a purple ugly thing
 14232 | D:11     | Noticed a storm dragon
 14234 | D:11     | Killed a purple ugly thing
 14390 | D:9      | Killed a four-headed hydra
 14390 | D:9      | Reached skill level 5 in Shields
 14579 | D:11     | Noticed a deep troll
 14628 | D:11     | Reached skill level 1 in Armour
 14635 | D:11     | Noticed a storm dragon
 14851 | D:11     | Noticed an ettin
 14996 | Lair:1   | Killed Deofuta's ghost
 15449 | Lair:1   | Reached skill level 5 in Armour
 15460 | Lair:1   | Reached XP level 12. HP: 69/94 MP: 12/12
 16216 | Lair:2   | Found a hole to the Spider Nest.
 16438 | Lair:2   | Found a labyrinth entrance.
 16498 | Lair:2   | Reached skill level 13 in Maces & Flails
 18333 | Lair:2   | Found a staircase to the Swamp.
 18505 | Lair:3   | Noticed a catoblepas
 18514 | Lair:2   | Killed a catoblepas
 18514 | Lair:2   | Reached skill level 14 in Maces & Flails
 19082 | Lair:3   | Noticed a catoblepas
 19249 | Lair:2   | Killed a catoblepas
 19807 | Lair:3   | Found the -4 mace of Variability {chaos}
 20020 | Lair:3   | Gained mutation: You are in touch with the powers of death. [Mummy growth]
 20020 | Lair:3   | Reached XP level 13. HP: 91/99 MP: 13/13
 20662 | Lair:3   | Reached skill level 15 in Maces & Flails
 22093 | Lair:5   | Got a shimmering helmet
 22094 | Lair:5   | Identified the cursed -1 helmet of a ziggurat {Slay+3} (You found it on level 5 of the Lair of Beasts)
 22525 | Lair:5   | Noticed Snorg
 22686 | Lair:5   | Found a staircase to the Slime Pits.
 22799 | Lair:5   | Reached skill level 16 in Maces & Flails
 23005 | Lair:4   | Bought a shiny helmet for 157 gold pieces
 23018 | Lair:4   | Bought a smoking scale mail for 189 gold pieces
 23018 | Lair:4   | Identified the +4 scale mail "Zakytix" {rC+ rN+ MR+ rCorr} (You bought it in a shop on level 4 of the Lair of Beasts)
 23032 | Lair:5   | Killed Snorg
 23447 | Lair:6   | Entered Level 6 of the Lair of Beasts
 24714 | Lair:5   | Reached XP level 14. HP: 78/106 MP: 14/14
 25207 | Lair:6   | Reached skill level 17 in Maces & Flails
 25818 | D:11     | HP: 5/106 [storm dragon/bolt of lightning (20)]
 26739 | D:10     | Killed from afar by a storm dragon

Vault maps used:
D:1:      onia_arrival_mini_spirals
D:2:      lemuel_crystal_altar, uniq_natasha, uniq_robin
D:4:      cheibrodos_fertilizer, nemelex_xobeh_ov_fountains_minmay,
          temple_statues, minmay_a_box_with_orc_wizards_in_it
D:5:      okawaru_metal_pillars_1_2, serial_shops, kennysheep_little_box,
          first_bread, grunt_ministairs_15, vehumet_altar_wand_db
D:6:      corexii_shack_village, uniq_menkaure
D:7:      lightli_ossuary_entry_decrepit_ruins
D:8:      hangedman_pestilent_swarm, minmay_ruined_shrine
D:9:      led_sif_book, david_lair_shrubbed
D:10:     serial_shops, shop_statue, nicolae_shop_crystal, shop_scrolls,
          nicolae_shop_overgrown_old_shop, shop, uniq_urug
D:11:     david_orc_5, st_stairs_5, minmay_the_grid_square_5x5_3x3_mashed
D:12:     serial_shops, nicolae_shop_temple_entry_statues_fountains,
          minmay_holes
D:13:     xom_teletrap_fun, uniq_josephine
Temple:   dpeg_five_rooms_temple
Lair:1:   kb_forest_paths, serial_bayou_shore_b
Lair:2:   nicolae_swamp_entry_splash_gauntlet, spider_nest_entry_webs,
          lab_entry_generic, cheibrodos_lair_caveside_slide,
          serial_bayou_shore_b
Lair:3:   dpeg_oklob_gauntlet, minmay_lair_oklob_chamber,
          infiniplex_staircase_pool
Lair:5:   nicolae_slime_entry_slimehenge, minivault_24, grunt_megastairs_2,
          uniq_snorg
Lair:6:   grunt_lair_end_beastmaster, serial_bayou_shore_a, grunt_megastairs_3
Ossuary:  ossuary_tomb_1

Skill      XL: |  1  2  3  4  5  6  7  8  9 10 11 12 13 14 |
---------------+-------------------------------------------+-----
Maces & Flails | 3 4 5 6 7 9 10 12 14 16 17 | 17.2
Fighting       | 3 4 5 7 8 |  8.7
Shields        | 5 |  5.2
Armour         | 5 6 |  6.4
Throwing       | |  1.5
Dodging        | |  2.4
Evocations     | |  0.2

Action                   |  1- 3 |  4- 6 |  7- 9 | 10-12 | 13-15 || total
-------------------------+-------+-------+-------+-------+-------++-------
Melee: Flail             |   176 |   238 |       |       |       ||   414
       Mace              |       |    10 |    61 |       |       ||    71
       Morningstar       |       |       |   382 |   824 |   544 ||  1750
Throw: Throwing net      |       |     4 |     4 |     2 |       ||    10
Invok: Call Merchant     |       |       |       |     1 |     2 ||     3
Evoke: Wand              |       |       |       |    10 |     7 ||    17
  Use: Scroll            |       |       |     5 |    10 |     6 ||    21
 Stab: Distracted        |       |       |     2 |     2 |     4 ||     8
       Held in net/web   |       |       |     1 |     2 |       ||     3
Armor: Leather armour    |    19 |       |       |       |       ||    19
       Scale mail        |    97 |   118 |   181 |   262 |   165 ||   823
Dodge: Dodged            |   141 |   171 |   173 |   177 |   130 ||   792
Block: Shield            |       |       |       |   399 |   323 ||   722

Table legend:
 A = Spawn XP
 B = Non-spawn XP
 C = Spawn XP percentage of total XP
 D = Spawn monster count
 E = Non-spawn monster count
 F = Spawn count percentage of total count
 G = Total turns spent on level
                    A         B        C        D         E        F      G
               +---------+---------+-------+---------+---------+-------+---------
         Total |       0 |   49003 |   0.0 |       0 |     175 |   0.0 | 14313
               +---------+---------+-------+---------+---------+-------+---------
          D:12 |       0 |    1669 |   0.0 |       0 |      10 |   0.0 |  1042
          D:13 |       0 |      37 |   0.0 |       0 |       1 |   0.0 |    70
        Lair:1 |       0 |     111 |   0.0 |       0 |       1 |   0.0 |  1949
        Lair:2 |       0 |    8586 |   0.0 |       0 |      34 |   0.0 |  2291
        Lair:3 |       0 |    6393 |   0.0 |       0 |      23 |   0.0 |  1314
        Lair:4 |       0 |    6779 |   0.0 |       0 |      26 |   0.0 |  1651
        Lair:5 |       0 |   11562 |   0.0 |       0 |      36 |   0.0 |  1914
        Lair:6 |       0 |   13866 |   0.0 |       0 |      44 |   0.0 |  1616
               +---------+---------+-------+---------+---------+-------+---------
